 Dungeon Crawl Stone Soup version 0.25-a0-292-gaa31f046c4 (webtiles) character file.

Game seed: 17259745235322319204, levelgen mode: deterministic

499 MoonlitKnight the Sneak (level 6, 0/32 HPs)
             Began as a Vampire Enchanter on Dec 15, 2019.
             Was an Initiate of Dithmenos.
             Slain by a phantom (1 damage)
             ... on level 5 of the Dungeon.
             The game lasted 00:14:40 (5726 turns).

MoonlitKnight the Sneak (Vampire Enchanter)         Turns: 5726, Time: 00:14:40

Health: 0/32       AC:  4    Str:  7    XL:     6   Next: 94%
Magic:  7/9        EV: 14    Int: 17    God:    Dithmenos [......]
Gold:   219        SH:  5    Dex: 17    Spells: 3/9 levels left

rFire    . . .     SeeInvis +   a - +1 dagger
rCold    + + .     Gourm    .   h - +0 buckler
rNeg     + + +     Faith    .   q - +2 robe
rPois    ∞         Spirit   .   (no helmet)
rElec    .         Reflect  .   (no cloak)
rCorr    .         Harm     .   (no gloves)
MR       .....                  (no boots)
Stlth    ++++++....             (no amulet)
HPRegen  0.00/turn              (no ring)
MPRegen  0.11/turn              (no ring)

@: bloodless
A: no food, fangs 3, see invisible, unbreathing
a: Bat Form, Revivify, Renounce Religion


You were on level 5 of the Dungeon.
You worshipped Dithmenos.
Dithmenos was noncommittal.
You were bloodless.

You visited 2 branches of the dungeon, and saw 7 of its levels.

You collected 219 gold pieces.

Inventory:

Hand Weapons
 a - a +1 dagger (weapon)
Missiles
 c - 16 poisoned darts (quivered)
Armour
 h - a +0 buckler (worn)
 j - a +0 ring mail
 q - a +2 robe (worn)
Wands
 g - a wand of flame (16)
 r - a wand of iceblast (6)
Scrolls
 b - a scroll of enchant weapon {unknown}
 e - 2 scrolls of immolation
 i - a scroll of fear {unknown}
 k - 3 scrolls of identify {unknown}
 n - a scroll of remove curse
 p - a scroll of fog {unknown}
 s - 2 scrolls of amnesia {unknown}
 t - 2 scrolls of blinking {unknown}
 w - 2 scrolls of teleportation
Potions
 d - a potion of flight {unknown}
 f - 5 potions of heal wounds {unknown}
 l - a potion of haste {unknown}
 m - a potion of berserk rage {unknown}
 o - a potion of degeneration {unknown}
 u - a potion of invisibility {unknown}
 v - a potion of agility {unknown}


   Skills:
 - Level 1.1 Short Blades
 + Level 4.3 Dodging
 + Level 7.1 Stealth
 + Level 2.6 Shields
 - Level 2.0 Spellcasting
 + Level 6.7 Hexes
 + Level 1.7 Invocations


You had 3 spell levels left.
You knew the following spells:

 Your Spells              Type           Power        Failure   Level  Hunger
a - Corona                Hex            ###....      1%          1    N/A
b - Ensorcelled Hibernat  Hex/Ice        ##....       9%          2    N/A
c - Confuse               Hex            ###.....     4%          3    N/A

Your spell library contained the following spells:

 Spells                   Type           Power        Failure   Level  Hunger
 Tukima's Dance           Hex            ###.....     4%          3    N/A
 Dazzling Flash           Conj/Hex       ##....       17%         3    N/A

Dungeon Overview and Level Annotations

Branches:
Dungeon (6/15)             Temple (1/1) D:4

Altars:
Ashenzari
Dithmenos
Elyvilon
Fedhas
Hepliaklqana
Kikubaaqudgha
Makhleb
Nemelex Xobeh
Okawaru
Qazlal
Ru
Sif Muna
Trog
Uskayaw
Vehumet
Wu Jian
Xom
Yredelemnul
Zin
The Shining One

Shops:
D:5 =

Annotations:
D:4 exclusion: ogre


Innate Abilities, Weirdness & Mutations

You do not eat.
You do not regenerate when monsters are visible.
You are frail without blood (-20% HP).
You can heal yourself when you bite living creatures.
You are immune to poison.
You have razor-sharp teeth.
You have supernaturally acute eyesight. (SInv)
You can survive without breathing.


Message History

You closely miss the phantom.
The phantom is lightly damaged.
You barely miss the phantom. Your bite misses the phantom.
The phantom is lightly damaged.
The phantom hits you!
You hit the phantom but do no damage.
The phantom is lightly damaged.
The phantom hits you!
* * * LOW HITPOINT WARNING * * *
You hit the phantom.
The phantom is lightly damaged.
The phantom barely misses you.
You hit the phantom.
The phantom is lightly damaged.
You block the phantom's attack. The phantom hits you!
* * * LOW HITPOINT WARNING * * *
There is a stone staircase leading down here.
The phantom hits you.
You die...

#.. ##.## #..# #..#
..# ##[## ### .# ##[##
##.#### # ##.###
##.....# ## ##..#
##..###.. .## #..#
##..## ### ..#####
##W# ##..## ......#
#.@# ##..## ..####
#..# ##).## .## #..#
##..## ## #..###..##
## ########..##..##
.## ##............##
=.## #..#####......#
#..####.## ###....#
##>.##..########....##


You could see a phantom.

Vanquished Creatures
  Sigmund (D:2)
  An ogre (D:5)
  An orc priest (D:4)
  Jessica (D:2)
  An orc wizard (D:3)
  An iguana (D:5)
  2 worker ants
  A hound skeleton (D:4)
  3 adders
  5 orcs
  4 giant cockroaches
  5 goblins
  7 hobgoblins
  6 jackals
  2 kobolds (D:1)
  3 quokkas
  6 ball pythons
  4 bats
  4 frilled lizards
  7 rats
  A plant (D:4)
66 creatures vanquished.

Notes
Turn   | Place    | Note
-------+----------+-------------------------------------------
     0 | D:1      | MoonlitKnight the Vampire Enchanter began the quest for the
                  | Orb.
     0 | D:1      | Reached XP level 1. HP: 13/13 MP: 3/3
   386 | D:1      | Reached XP level 2. HP: 15/15 MP: 5/5
   396 | D:1      | Learned a level 2 spell: Ensorcelled Hibernation
   839 | D:1      | Reached skill level 5 in Stealth
  1431 | D:2      | Reached skill level 5 in Hexes
  1450 | D:2      | Noticed Sigmund
  1550 | D:2      | Reached XP level 3. HP: 19/19 MP: 6/6
  1886 | D:2      | Noticed Jessica
  1892 | D:2      | Learned a level 3 spell: Confuse
  1899 | D:2      | Killed Jessica
  1899 | D:2      | Reached skill level 1 in Shields
  2051 | D:3      | Found a stormy altar of Qazlal.
  2242 | D:4      | Reached XP level 4. HP: 24/24 MP: 7/7
  2545 | D:3      | Found a hide-covered altar of Uskayaw.
  2549 | D:3      | Found a shimmering altar of Xom.
  3291 | D:4      | Noticed an ogre
  3475 | D:4      | Found a staircase to the Ecumenical Temple.
  3478 | D:4      | Reached skill level 6 in Stealth
  3478 | D:4      | Reached XP level 5. HP: 28/28 MP: 8/8
  3481 | Temple   | Entered the Ecumenical Temple
  3641 | Temple   | Became a worshipper of Dithmenos the Shadowed
  5072 | D:2      | Killed Sigmund
  5072 | D:2      | Reached skill level 1 in Invocations
  5072 | D:2      | Reached XP level 6. HP: 27/32 MP: 9/9
  5247 | D:5      | Entered Level 5 of the Dungeon
  5393 | D:5      | Found an ancient bone altar of Kikubaaqudgha.
  5471 | D:5      | Reached skill level 7 in Stealth
  5532 | D:5      | Found Geim's Jewellery Shoppe.
  5671 | D:5      | Found a shattered altar of Ashenzari.
  5699 | D:6      | Noticed a hippogriff
  5723 | D:5      | HP: 1/32 [phantom (8)]
  5726 | D:5      | Slain by a phantom

Levels and vault maps discovered:
D:1:      dpeg_arrival_ratfight, layout_loops_corners
D:2:      layout_loops_cross, chequers_serial_rivers_room_b, dk_noncrumbling_2,
          chequers_serial_rivers_micro_a, uniq_jessica, uniq_sigmund
D:3:      layout_rooms, nicolae_qazlal_general_emergency, minitemple,
          minmay_shallow_snake_nest
D:4:      layout_loops_ring, minmay_temple_entry_proselytizer, first_ration,
          serial_bayou, serial_bayou_ford_a, serial_bayou_pond_c,
          serial_bayou_crossing, serial_bayou_pond_e
D:5:      layout_layer_cave, evilmike_ruin_ashenzari, basic_altar, serial_shops,
          nicolae_shop_behind_doors
D:6:      layout_cave_pools, basic_altar, serial_shops, nicolae_shop_trees,
          gup_sewer_entry_bubbles, wad_woods_river_04, nicolae_xom_altar_mimics
Temple:   regret_index_temple_sphere_string

Skill      XL: |  1  2  3  4  5  6 |
---------------+-------------------+-----
Stealth        | 5 6 7 |  7.1
Hexes          | 5 6 |  6.7
Dodging        | 3 4 |  4.3
Shields        | 1 2 |  2.6
Invocations    | 1 |  1.7
Short Blades   | |  1.1
Spellcasting   | |  2.0

Action                   |  1- 3 |  4- 6 || total
-------------------------+-------+-------++-------
Melee: Dagger            |    74 |   190 ||   264
       Bite              |     2 |    22 ||    24
Throw: Dart              |     2 |    23 ||    25
 Cast: Ensorcelled Hiber |    12 |    25 ||    37
 Abil: Exsanguinate      |     1 |       ||     1
  Use: Scroll            |       |     4 ||     4
 Stab: Sleeping          |    20 |    22 ||    42
Armor: Robe              |     8 |    16 ||    24
Dodge: Dodged            |    31 |    56 ||    87
Block: Buckler           |     9 |    15 ||    24

Table legend:
 A = Non-vault XP
 B = Vault XP
 C = Vault XP percentage of total XP
 D = Non-vault monster count
 E = Vault monster count
 F = Vault count percentage of total count
                 A         B        C        D         E       F
            +---------+---------+-------+---------+---------+-------
      Total |     389 |     324 |  45.4 |      52 |      13 |  20.0
            +---------+---------+-------+---------+---------+-------
        D:1 |      31 |       5 |  13.9 |      17 |       5 |  22.7
        D:2 |       9 |     273 |  96.8 |       6 |       5 |  45.5
        D:3 |      60 |       3 |   4.8 |      13 |       2 |  13.3
        D:4 |      92 |      43 |  31.9 |      11 |       1 |   8.3
        D:5 |     197 |       0 |   0.0 |       5 |       0 |   0.0
            +---------+---------+-------+---------+---------+-------
